 Dungeon Crawl Stone Soup version 0.23.2-1-ga50397a (webtiles) character file.

Game seed: 15679780607254975898

143 Leeroy the Conjurer (level 5, -11/46 HPs)
             Began as a Draconian Conjurer on Apr 15, 2019.
             Mangled by an orc wizard
             ... wielding a +1 dagger of electrocution
              (20 damage)
             ... on level 3 of the Dungeon.
             The game lasted 00:06:41 (2193 turns).

Leeroy the Conjurer (Draconian Conjurer)            Turns: 2193, Time: 00:06:42

Health: -11/46     AC:  5    Str: 10    XL:     5   Next: 4%
Magic:  2/8        EV: 12    Int: 16    God:
Gold:   110        SH:  0    Dex: 12    Spells: 2/8 levels left

rFire    . . .     SeeInvis .   e - +0 short sword
rCold    . . .     Gourm    .   (no shield)
rNeg     . . .     Faith    .   (armour unavailable)
rPois    .         Spirit   .   (helmet restricted)
rElec    .         Reflect  .   (no cloak)
rCorr    .         Harm     .   (no gloves)
MR       .....                  (no boots)
Stlth    ++........             (no amulet)
HPRegen  0.15/turn              (no ring)
MPRegen  0.11/turn              (no ring)

@: no status effects
A: unfitting armour, cold-blooded, AC +5
a: no special abilities


You were on level 3 of the Dungeon.
You were not hungry.

You visited 1 branch of the dungeon, and saw 3 of its levels.

You collected 110 gold pieces.

Inventory:

Hand Weapons
 c - a +0 whip
 e - a +0 short sword (weapon)
 f - a +0 dagger
 t - a +0 spear
Missiles
 d - 59 stones (quivered)
 h - 11 poisoned needles
 q - 33 sling bullets
Wands
 r - a wand of flame (16)
Scrolls
 a - 2 scrolls of remove curse {unknown}
 i - a scroll of immolation {unknown}
 j - a scroll of identify {unknown}
 l - a scroll of magic mapping {unknown}
 m - a scroll of fear {unknown}
 p - 6 scrolls of teleportation {unknown}
 s - a scroll of enchant armour {unknown}
Potions
 g - 3 potions of curing {unknown}
 k - a potion of berserk rage {unknown}
 n - a potion of haste {unknown}
Comestibles
 b - 3 rations
 o - 8 chunks of flesh


   Skills:
 + Level 3.9 Fighting
 - Level 1.7 Dodging
 - Level 1.7 Stealth
 - Level 2.0 Spellcasting
 - Level 5.1 Conjurations


You had 2 spell levels left.
You knew the following spells:

 Your Spells              Type           Power        Failure   Level  Hunger
a - Magic Dart            Conj           ###.         2%          1    #......
b - Searing Ray           Conj           ###...       3%          2    ###....
c - Dazzling Spray        Conj/Hex       #.....       22%         3    ###....

Your spell library contained the following spells:

 Spells                   Type           Power        Failure   Level  Hunger
 Iskenderun's Mystic Bla  Conj           ###.....     26%         4    #####..
 Force Lance              Conj/Tloc      #.......     58%         4    #####..
 Fulminant Prism          Conj/Hex       #.........   58%         4    #####..


Dungeon Overview and Level Annotations

Branches:
Dungeon (3/15)

Altars:


Innate Abilities, Weirdness & Mutations

Your plain brown scales are hard. (AC +5)
You cannot fit into any form of body armour.
You are cold-blooded and may be slowed by cold attacks.


Message History

The searing ray hits the orc!
You kill the orc!
You finish channeling your searing ray.
An orc priest comes into view.
The orc wizard gestures wildly while chanting.
The orc wizard seems to speed up.
The orc completely misses you.
You hit the orc.
You kill the orc!
You hit the orc wizard.
Your tail-slap misses the orc wizard.
The orc wizard is heavily wounded.
The orc wizard hits you but does no damage. x2
You barely miss the orc wizard.
The orc wizard is heavily wounded.
The orc wizard miscasts a cantrip.
The orc wizard points at you and mumbles some strange words.
The puff of flame hits you!
* * * LOW HITPOINT WARNING * * *
The orc wizard hits you but does no damage.
You are electrocuted!!
You die...

#.# #..# #.....##.#.# #
#..#.....#####.#.#
........## #.#.#
##..#.#### #.#.# #..#.#
#.#.# #..#.#########.#.#
##..#.##........#.#
#######...#.##.#........#
............o@.#.########
.......†...g####.#
.#########o.# #.# #..#
#.# #.o# #.. #$g# ###
#o.# #o.# ....


You could see an orc wizard, an orc and a hobgoblin.

Vanquished Creatures
  3 adders (D:2)
  4 gnolls (D:3)
  An ooze (D:1)
  2 worms (D:2)
  A dart slug (D:1)
  A leopard gecko (D:1)
  3 orcs (D:3)
  3 giant cockroaches
  6 goblins
  7 hobgoblins
  4 jackals
  2 quokkas (D:3)
  7 bats
  2 frilled lizards
  9 kobolds
  4 rats
59 creatures vanquished.

Notes
Turn   | Place    | Note
-------+----------+-------------------------------------------
     0 | D:1      | Leeroy the Draconian Conjurer began the quest for the Orb.
     0 | D:1      | Reached XP level 1. HP: 14/14 MP: 3/3
    95 | D:1      | Reached XP level 2. HP: 2/20 MP: 3/5
    99 | D:1      | Learned a level 2 spell: Searing Ray
   806 | D:1      | Reached skill level 5 in Conjurations
   806 | D:1      | Reached XP level 3. HP: 15/26 MP: 6/6
   971 | D:1      | Learned a level 3 spell: Dazzling Spray
  1448 | D:2      | Reached skill level 1 in Fighting
  1771 | D:2      | Reached XP level 4. HP: 25/37 MP: 0/7
  2175 | D:3      | Reached XP level 5. HP: 23/46 MP: 8/8
  2193 | D:3      | Mangled by an orc wizard

Skill      XL: |  1  2  3  4 |
---------------+-------------+-----
Conjurations   | 5 |  5.1
Fighting       | 2 3 |  3.9
Dodging        | |  1.7
Stealth        | |  1.7
Spellcasting   | |  2.0

Action                   |  1- 3 |  4- 6 || total
-------------------------+-------+-------++-------
Melee: Whip              |    13 |       ||    13
       Short sword       |    98 |    59 ||   157
       Tailslap          |    10 |     5 ||    15
Throw: Stone             |     1 |       ||     1
 Cast: Magic Dart        |    12 |     6 ||    18
       Searing Ray       |     9 |     4 ||    13
 Stab: Sleeping          |     3 |       ||     3
  Eat: Chunk             |     4 |     1 ||     5
Armor: Skin              |    41 |    22 ||    63
Dodge: Dodged            |    79 |    46 ||   125
